 Dungeon Crawl Stone Soup version 0.28-a0-1493-g08698888e4 (webtiles) character file.

Game seed: 13274694383552787164

1810 lunkers the Scholar of Death (level 8, -11/78 HPs)
             Began as a Vampire Necromancer on Jan 12, 2022.
             Was a Follower of Kikubaaqudgha.
             Killed from afar by a gargoyle (22 damage)
             ... with a stone arrow
             ... on level 6 of the Dungeon.
             The game lasted 00:24:05 (8873 turns).

lunkers the Scholar of Death (Vampire Necromancer)  Turns: 8873, Time: 00:24:05

Health: -11/78     AC: 24    Str:  7    XL:     8   Next: 84%
Magic:  17/17      EV:  2    Int: 19    God:    Kikubaaqudgha [*.....]
Gold:   316        SH:  5    Dex: 15    Spells: 9/19 levels left

rFire   . . .      SeeInvis +   e - +1 dagger (drain)
rCold   . . .      Faith    .   m - +2 buckler {reflect}
rNeg    . . .      Spirit   .   (armour currently unavailable)
rPois   +          Reflect  +   (helmet currently unavailable)
rElec   .          Harm     .   (cloak currently unavailable)
rCorr   .          Rampage  .   (gloves currently unavailable)
Will    .....      NoTele   +   (boots currently unavailable)
Stlth   ++........              (no amulet)
HPRegen 0.43/turn               (no ring)
MPRegen 0.15/turn               (no ring)

@: tree-form, healing quickly
A: stationary, stasis, torment immunity, boosted hp, alive, (fangs 3), see
invisible, vampiric 2
a: Exsanguinate, Renounce Religion, Receive Corpses


You were on level 6 of the Dungeon.
You worshipped Kikubaaqudgha.
Kikubaaqudgha was aware of your devotion.
You were a tree.
You visited 2 branches of the dungeon, and saw 7 of its levels.
You also visited: Sewer.

You collected 316 gold pieces.

Inventory:

Hand Weapons
 e - a +1 dagger of draining (weapon)
 h - a +4 dagger of holy wrath
 i - a +1 dagger of flaming
 s - a +0 dagger of venom
Armour
 j - a +0 pair of gloves (melded)
 l - a +2 cloak of poison resistance (melded)
 m - a +2 buckler of reflection (worn)
 t - a scarf of invisibility
 u - a +1 leather armour of fire resistance (melded)
Jewellery
 c - a ring of ice
Wands
 o - a wand of digging (8)
Scrolls
 a - 2 scrolls of enchant armour
 d - 4 scrolls of teleportation
 p - a scroll of amnesia
Potions
 b - 4 potions of flight
 f - a potion of attraction
 g - a potion of lignification
 k - 4 potions of curing
 n - a potion of resistance {unknown}
 q - 2 potions of mutation
 r - a potion of magic {unknown}


   Skills:
 - Level 2.1 Dodging
 - Level 3.0 Stealth
 + Level 6.3 Spellcasting
 * Level 11.1 Necromancy


You had 9 spell levels left.
You knew the following spells:

 Your Spells              Type           Power      Damage    Failure   Level
a - Pain                  Necr           100%       1d9       1%          1
b - Vampiric Draining     Necr           48%        2d9       1%          3
c - Animate Dead          Necr           24%        N/A       1%          4
d - Corpse Rot            Necr/Air       54%        N/A       2%          2

Your spell library contained the following spells:

 Spells                   Type           Power      Damage    Failure   Level
 Animate Skeleton         Necr           96%        N/A       1%          1
 Sublimation of Blood     Necr           48%        N/A       1%          2
 Agony                    Necr           48%        N/A       4%          5
 Sting                    Tmut/Pois      24%        1d4       14%         1
 Poisonous Vapours        Pois/Air       12%        N/A       22%         2
 Ignite Poison            Fire/Tmut/Pois 6%         N/A       41%         3
 Mephitic Cloud           Conj/Pois/Air  6%         N/A       41%         3
 Olgreb's Toxic Radiance  Pois           6%         N/A       82%         4
 Summon Lightning Spire   Summ/Air       6%         N/A       82%         4
 Freezing Cloud           Conj/Ice/Air   3%         6-21      99%         5
 Storm Form               Tmut/Air       3%         N/A       100%        7
 Maxwell's Capacitive Co  Air            3%         ∞         100%        8


Dungeon Overview and Level Annotations

Branches:
Dungeon (6/15)             Temple (1/1) D:4           Sewer (visited)

Altars:
Ashenzari
Dithmenos
Elyvilon
Fedhas
Gozag
Kikubaaqudgha
Nemelex Xobeh
Qazlal
Ru
Sif Muna
Trog
Uskayaw
Vehumet
Wu Jian
Xom
Yredelemnul
Zin
The Shining One


Innate Abilities, Weirdness & Mutations

You are a tree.
Your roots penetrate the ground, keeping you stationary.
You cannot be teleported.
You are immune to unholy pain and torment.
Your maximum health is greatly increased.
Your equipment is partially melded.
Your natural rate of healing is accelerated.
((You have razor-sharp teeth.))
You have supernaturally acute eyesight. (SInv)
You are afflicted with vampirism and can become a bat while bloodless.


Message History

You barely miss the gargoyle.
The gargoyle is lightly damaged.
The gargoyle hits you with a +0 mace!
You completely miss the gargoyle.
The gargoyle is lightly damaged.
The gargoyle hits you with a +0 mace!
* * * LOW HITPOINT WARNING * * *
You hit the gargoyle but do no damage.
The gargoyle is lightly damaged.
You block the gargoyle's attack.
You hit the gargoyle but do no damage.
The gargoyle is lightly damaged.
The gargoyle hits you but does no damage.
You hit the gargoyle but do no damage.
The gargoyle is lightly damaged.
The gargoyle hits you with a +0 mace!
* * * LOW HITPOINT WARNING * * *
Okay, then.
You barely miss the gargoyle.
The gargoyle is lightly damaged.
The gargoyle hurls a stone arrow at you.
The stone arrow hits you!
* * * LOW HITPOINT WARNING * * *
You barely miss the gargoyle.
The gargoyle is lightly damaged.
The gargoyle hurls a stone arrow at you.
The stone arrow hits you but does no damage.
You barely miss the gargoyle.
The gargoyle is lightly damaged.
The gargoyle hurls a stone arrow at you.
The stone arrow hits you!
* * * LOW HITPOINT WARNING * * *
You cannot teleport because you are held in place by your roots.
Unknown command.
You barely miss the gargoyle.
The gargoyle is lightly damaged.
The gargoyle hurls a stone arrow at you.
The stone arrow hits you!!
You die...
Kikubaaqudgha rasps: "You have failed me!
Welcome... death!"

####..#..........##.#...##.
#.###.#####....#......##
### #.# ###....###.... ###
###....####....
#......#.#.....
##.............
###.#..##.....
########..#.........
#Z9♣................
#..#######...........
#....# #.#......... #.##..#
####........ .. #..#
##........ ## #..#
##.....#... ####
#.....##... ##...######
##[## #


You could see a gargoyle and a howler monkey zombie.

Vanquished Creatures
  A steam dragon (D:6)
  An orc warrior (D:5)
  A black bear (D:3)
  A necrophage (D:6)
  2 ogres
  3 phantoms
  Blork the orc (D:4)
  2 scorpions
  A water moccasin skeleton (D:5)
  A killer bee (D:6)
  A howler monkey (D:5)
  A centaur zombie (D:5)
  2 hounds
  3 jellies (D:5)
  Crazy Yiuf (D:2)
  An iguana (D:5)
  Natasha (thrice) (D:2)
  2 orc wizards (D:4)
  A killer bee zombie (D:5)
  2 hound skeletons
  Robin (D:3)
  13 adders
  3 river rats (Sewer)
  A shadow imp (D:5)
  A white imp (D:6)
  An ufetubus (D:5)
  4 worms
  13 orcs
  11 bats
  5 endoplasms
  9 giant cockroaches
  11 hobgoblins
  2 jackals (Sewer)
  4 quokkas
  12 ball pythons
  3 frilled lizards
  21 goblins
  8 kobolds
  5 rats
159 creatures vanquished.

Vanquished Creatures (others)
  A fungus (D:2)
1 creature vanquished.

Grand Total: 160 creatures vanquished

Notes
Turn   | Place    | Note
-------+----------+-------------------------------------------
     0 | D:1      | lunkers the Vampire Necromancer began the quest for the
                  | Orb.
     0 | D:1      | Reached XP level 1. HP: 13/13 MP: 3/3
   268 | D:1      | Reached XP level 2. HP: 16/19 MP: 0/5
   320 | D:1      | Found a faded altar of an unknown god.
   648 | D:1      | Reached skill level 5 in Necromancy
  1413 | D:1      | Gained mutation: You are afflicted with vampirism and can
                  | become a bat while bloodless. [Vampire growth]
  1413 | D:1      | Reached XP level 3. HP: 24/24 MP: 4/6
  1981 | D:2      | Found a blossoming altar of Fedhas.
  2375 | D:2      | Noticed Natasha
  2386 | D:2      | Killed Natasha
  2387 | D:2      | Reached XP level 4. HP: 6/30 MP: 0/8
  2491 | D:2      | Noticed Natasha
  2498 | D:2      | Killed Natasha
  2499 | D:2      | Reached skill level 6 in Necromancy
  2558 | D:2      | Noticed Natasha
  2563 | D:2      | Killed Natasha
  2564 | D:2      | Reached XP level 5. HP: 27/35 MP: 2/9
  2663 | D:2      | Learned a level 3 spell: Vampiric Draining
  2668 | D:2      | Learned a level 4 spell: Animate Dead
  2671 | D:2      | Learned a level 2 spell: Corpse Rot
  3154 | D:2      | Found a runed translucent door.
  3155 | D:2      | Noticed Crazy Yiuf
  3162 | D:2      | Killed Crazy Yiuf
  3284 | D:3      | Found a glowing drain.
  3362 | Sewer    | Entered a sewer
  3964 | Sewer    | Reached skill level 7 in Necromancy
  4304 | D:3      | Found a shadowy altar of Dithmenos.
  4345 | D:3      | Reached XP level 6. HP: 41/41 MP: 2/11
  4428 | D:3      | Noticed Robin
  4458 | D:3      | Killed Robin
  5387 | D:4      | Found a stormy altar of Qazlal.
  5433 | D:4      | Noticed Blork the orc
  5479 | D:4      | Killed Blork the orc
  5632 | D:3      | Reached skill level 8 in Necromancy
  5632 | D:3      | Reached XP level 7. HP: 33/46 MP: 9/13
  5894 | D:4      | Found a staircase to the Ecumenical Temple.
  5944 | Temple   | Entered the Ecumenical Temple
  6171 | Temple   | Identified a scroll of acquirement
  6171 | Temple   | Acquired a +2 buckler of reflection
  6259 | Temple   | Became a worshipper of Kikubaaqudgha
  6510 | D:4      | Found a sacrificial altar of Ru.
  6626 | D:5      | Entered Level 5 of the Dungeon
  6978 | D:5      | Reached skill level 9 in Necromancy
  7063 | D:5      | Reached skill level 5 in Spellcasting
  7221 | D:5      | Reached XP level 8. HP: 47/52 MP: 2/15
  7799 | D:5      | Upgraded the game from 0.28-a0-1447-ga5a8893891 to
                  | 0.28-a0-1493-g08698888e4
  7830 | D:6      | Reached skill level 10 in Necromancy
  8625 | D:6      | Reached * piety under Kikubaaqudgha
  8625 | D:6      | Received a gift from Kikubaaqudgha
  8635 | D:5      | Reached skill level 11 in Necromancy
  8846 | D:6      | Noticed a gargoyle
  8873 | D:6      | Killed from afar by a gargoyle

Illustrated notes

Levels and vault maps discovered:
D:1:      saegor_arrival_fortress, layout_basic,
          hellmonk_ecumenical_altar_prayer_group, patterned_corridor
D:2:      layout_basic, basic_altar, kennysheep_generic_room_15,
          uniq_crazy_yiuf_cottage, uniq_natasha
D:3:      layout_loops_ring, lemuel_doored_altar, gup_sewer_entry_pipe,
          uniq_robin
D:4:      layout_gridville, nicolae_qazlal_scattered_showers,
          mainiacjoe_overflow_alcove_4, minmay_temple_entry_nine_rooms,
          uniq_blork_the_orc
D:5:      layout_loops_ring, st_stairs_14
D:6:      minmay_cornered_nines, layout_cave_pools
Temple:   regret_index_temple_generic_petals

Skill      XL: |  1  2  3  4  5  6  7  8 |
---------------+-------------------------+-----
Necromancy     | 5 6 7 8 9 11 | 11.1
Spellcasting   | 3 4 5 6 |  6.3
Dodging        | |  2.1
Stealth        | |  3.0

Action                   |  1- 3 |  4- 6 |  7- 9 || total
-------------------------+-------+-------+-------++-------
Melee: Unarmed           |     2 |       |       ||     2
       Dagger            |     9 |    65 |   344 ||   418
       Bite              |     1 |     8 |    46 ||    55
       Punch             |       |     1 |       ||     1
 Cast: Pain              |    83 |   131 |    87 ||   301
       Vampiric Draining |       |    11 |    12 ||    23
  Use: Scroll            |       |     5 |     8 ||    13
       Potion            |       |       |     2 ||     2
 Stab: Sleeping          |       |     1 |     1 ||     2
Armor: Robe              |     5 |    34 |    26 ||    65
       Leather armour    |       |       |    72 ||    72
       Skin              |       |       |    36 ||    36
Dodge: Dodged            |    12 |    80 |   155 ||   247
Block: Buckler           |       |       |    84 ||    84
       Reflection        |       |       |     1 ||     1

Table legend: (Time is in decaauts)
 A = Elapsed time spent in this place.
 B = Non-inter-level travel time spent in this place.
 C = Inter-level travel time spent in this place.
 D = Time resting spent in this place.
 E = Time spent auto-exploring this place.
 F = Levels seen in this place.
 G = Mean time per level.
                   A        B        C        D        E       F      G
               +--------+--------+--------+--------+--------+-----+--------+
         Total |   9054 |   8850 |    204 |    326 |   6766 |   8 | 1131.8 |
       Dungeon |   7617 |   7480 |    137 |    318 |   5636 |   6 | 1269.5 |
        Temple |    370 |    303 |     67 |      8 |    199 |   1 |  370.0 |
         Sewer |   1065 |   1065 |      0 |      0 |    930 |   1 | 1065.0 |
               +--------+--------+--------+--------+--------+-----+--------+

Top non-repeatable levels by time:
     D:1: 1898 daAuts
     D:5: 1388 daAuts
     D:2: 1352 daAuts
     D:3: 1094 daAuts
   Sewer: 1065 daAuts
     D:4: 1007 daAuts
     D:6: 877 daAuts
  Temple: 370 daAuts
